 Dungeon Crawl Stone Soup version 0.29-a0-819-g94b489e0ae (webtiles) character file.

Game seed: 5984307094090417623

3252 spaghetti the Carver (level 9, -22/69 HPs)
             Began as a Gnoll Wanderer on July 6, 2022.
             Was a Priest of Dithmenos.
             Annihilated by a white ugly thing (46 damage)
             ... on level 7 of the Dungeon.
             The game lasted 00:08:52 (6236 turns).

spaghetti the Carver (Gnoll Wanderer)               Turns: 6236, Time: 00:08:53

Health: -22/69     AC: 20    Str: 17    XL:     9   Next: 99%
Magic:  16/16      EV: 13    Int: 15    God:    Dithmenos [***...]
Gold:   234        SH:  0    Dex: 15    Spells: 18/18 levels left

rFire   + . .      SeeInvis .   B - +10 mace "Qiul Dodgh" {vorpal, rC- Str+5 Dex+3, mace}
rCold   x . .      Faith    .   (no shield)
rNeg    . . .      Spirit   .   n - +1 chain mail {rF+}
rPois   .          Reflect  .   c - +0 helmet
rElec   .          Harm     .   (no cloak)
rCorr   .          Rampage  .   u - +0 pair of gloves
Will    .....                   q - +2 pair of boots
Stlth   ..........              (no amulet)
HPRegen 0.21/turn               y - +4 ring of protection
MPRegen 0.15/turn               E - +4 ring of evasion

@: wreathed by umbra, studying Dodging
A: fangs 1, strong nose, distributed training
a: Renounce Religion, Shadow Step


You were on level 7 of the Dungeon.
You worshipped Dithmenos.
Dithmenos was most pleased with you.
You visited 1 branch of the dungeon, and saw 5 of its levels.
You also visited: Sewer.

You collected 234 gold pieces.


Innate Abilities, Weirdness & Mutations

You have very sharp teeth.
Your uncanny sense of smell can sniff out nearby items.
Your experience applies equally to all skills.


   Skills:
 + Level 5.6 Fighting
 + Level 6.8 Short Blades
 + Level 8.3 Long Blades
 + Level 5.0 Axes
 + Level 5.0 Maces & Flails
 + Level 5.0 Polearms
 + Level 5.0 Staves
 + Level 5.0 Ranged Weapons
 + Level 5.0 Throwing
 + Level 5.0 Armour
 + Level 7.0 Dodging
 + Level 6.5 Stealth
 + Level 5.0 Shields
 + Level 5.0 Unarmed Combat
 + Level 5.0 Spellcasting
 + Level 4.1 Conjurations
 + Level 4.1 Hexes
 + Level 4.1 Summonings
 + Level 4.1 Necromancy
 + Level 4.1 Translocations
 + Level 4.1 Transmutations
 + Level 4.1 Fire Magic
 + Level 4.1 Ice Magic
 + Level 4.1 Air Magic
 + Level 4.1 Earth Magic
 + Level 4.1 Poison Magic
 + Level 5.4 Invocations
 + Level 5.6 Evocations


You had 18 spell levels left.
You didn't know any spells.
Your spell library contained the following spells:

 Spells                   Type           Power      Damage    Failure   Level
 Necrotise                Necr           64%        1d7       38%         1
 Dazzling Flash           Conj/Hex       32%        N/A       77%         3
 Stone Arrow              Conj/Erth      32%        3d9       77%         3
 Vampiric Draining        Necr           16%        2d7       77%         3
 Animate Armour           Summ/Erth      32%        N/A       99%         4
 Passage of Golubria      Tloc           16%        N/A       99%         4
 Agony                    Necr           16%        N/A       100%        5
 Fireball                 Conj/Fire      8%         3d6       100%        5
 Silence                  Hex/Air        8%         N/A       100%        5
 Starburst                Conj/Fire      8%         6d4       100%        6
 Ignition                 Fire           8%         3d5       100%        8
 Lehudib's Crystal Spear  Conj/Erth      8%         10d3      100%        8
 Chain Lightning          Conj/Air       8%         3d10      100%        9

Inventory:

Hand Weapons
 a - a +2 falchion {long}
 b - a +0 short sword {short}
 k - the +6 rapier of Grace {speed, rN+ Str+5 Int+3 Dex-3, short}
   (You found it on level 7 of the Dungeon)

   Attacks with this weapon are significantly faster.
   Str:       It affects your strength (+5).
   Int:       It affects your intelligence (+3).
   Dex:       It affects your dexterity (-3).
   rN:        It protects you from negative energy.
 B - the +10 mace "Qiul Dodgh" (weapon) {vorpal, rC- Str+5 Dex+3, mace}
   (You found it on level 3 of the Dungeon)

   It inflicts extra damage upon your enemies.
   Str:       It affects your strength (+5).
   Dex:       It affects your dexterity (+3).
   rC:        It makes you vulnerable to cold.
 N - the +7 great sword of Mourning {vorpal, +Blink rF+++ Int-2 Dex+2, long}
   (You found it on level 7 of the Dungeon)

   It inflicts extra damage upon your enemies.
   Int:       It affects your intelligence (-2).
   Dex:       It affects your dexterity (+2).
   rF:        It renders you almost immune to fire.
   +Blink:    It lets you blink.
Missiles
 g - 11 poisoned darts (quivered) {throwing}
 j - 45 stones {throwing}
 m - 6 atropa-tipped darts {throwing}
 r - 6 boomerangs {throwing}
 v - a curare-tipped dart {=fthrowing}
Armour
 c - a +0 helmet (worn)
 e - a +0 leather armour
 n - a +1 chain mail of fire resistance (worn)
   (You took it off Terence on level 2 of the Dungeon)
 q - a +2 pair of boots (worn)
   (You found it on level 3 of the Dungeon)
 u - a +0 pair of gloves (worn)
   (You found it in a sewer)
Magical Staves
 o - a staff of earth {!astaff}
   (You found it on level 7 of the Dungeon)
 L - a staff of poison {!astaff}
   (You found it on level 7 of the Dungeon)
Jewellery
 y - a +4 ring of protection (left hand)
   (You found it on level 3 of the Dungeon)
 E - a +4 ring of evasion (right hand)
   (You found it on level 4 of the Dungeon)
 K - a +4 ring of evasion
   (You found it on level 7 of the Dungeon)
 M - the amulet "Piamul" {Acrobat rC- rN+ rCorr}
   (You found it on level 7 of the Dungeon)

   [amulet of the acrobat]

   It increases your evasion while moving and waiting.
   rC:        It makes you vulnerable to cold.
   rN:        It protects you from negative energy.
   rCorr:     It protects you from acid and corrosion.
Wands
 h - a wand of digging (13)
   (You took it off Terence on level 2 of the Dungeon)
 C - a wand of polymorph (1)
   (You found it on level 4 of the Dungeon)
 I - a wand of light (5)
   (You found it on level 4 of the Dungeon)
Scrolls
 i - a scroll of amnesia
 l - a scroll of magic mapping {!r}
 p - a scroll of noise {!r}
 s - 2 scrolls of fog
 t - 2 scrolls of vulnerability {unknown}
 D - a scroll of enchant weapon {unknown}
 G - a scroll of enchant armour {unknown}
 H - a scroll of immolation {unknown}
Potions
 d - a potion of attraction {!q}
 f - a potion of heal wounds {@q2}
 w - 2 potions of brilliance {unknown}
 x - a potion of resistance
 z - a potion of haste {@q3}
 A - a potion of magic {unknown}
 F - 2 potions of degeneration {unknown}
 J - a potion of cancellation {unknown}

Dungeon Overview and Level Annotations

Branches:
Dungeon (4/15) Zot: 24490   Sewer (visited)
 Temple: D:4-7

Altars:
Cheibriados
Dithmenos
Elyvilon
Hepliaklqana

##. .#. ##...##.#.... .#
.. ............#.##
###.## ...............#
#.....# ....#..#..#.#..#
.##..#.# .............
##...##.##..........#
#.....#..#..#.##u..#
##....##.#..#.##@..#
.##..)#.....#.##...###.##
##....##.#..............#
#.....#..#..#......###.##
##...##.##..#..##..#
.##..#.##......##..#
#.....##.......##..#
###(###..#..#####...
............. ...##


You could see a white ugly thing (blind).


Message History

You kill the bullfrog!
Dithmenos accepts your kill.
Your Axes skill increases to level 5!
Your Maces & Flails skill increases to level 5!
Your Polearms skill increases to level 5!
Your Staves skill increases to level 5!
Your Ranged Weapons skill increases to level 5!
Your Throwing skill increases to level 5!
Your Armour skill increases to level 5!
Your Dodging skill increases to level 7!
Your Shields skill increases to level 5!
Your Unarmed Combat skill increases to level 5!
Your Spellcasting skill increases to level 5! 😕 HP[+1]
You now have 69 max hp (+1).
g - 8 poisoned darts {throwing} (gained 1)
You see here a bullfrog corpse. 😕 HP[+1]
g - 9 poisoned darts {throwing} (gained 1)
g - 10 poisoned darts {throwing} (gained 1) Key pressed, stopping explore.
g - 11 poisoned darts {throwing} (gained 1)
You now have 234 gold pieces (gained 22).
You see here a bullfrog corpse.
Key pressed, stopping explore.
k - the +6 rapier of Grace {speed, rN+ Str+5 Int+3 Dex-3, short}
o - a staff of earth {!astaff} 😎 HP[+9]
Your hp is fully restored (69).
No target in view!
You see here a +0 long sword of freezing {long}.
L - a staff of poison {!astaff} You pick up a book of Fire and begin reading...
You add the spells Fireball, Starburst and Ignition to your library.
You pick up a book of Armaments and begin reading...
You add the spells Stone Arrow and Animate Armour to your library.
M - the amulet "Piamul" {Acrobat rC- rN+ rCorr}
N - the +7 great sword of Mourning {vorpal, +Blink rF+++ Int-2 Dex+2, long}
Okay, then.
A white ugly thing is nearby!
A white ugly thing is nearby!
You completely miss the white ugly thing.
The white ugly thing tentacle-slaps you.
The white ugly thing freezes you!!
You feel a terrible chill! 😮 HP[-31]
You take 31 damage, and now have 38/69 hp.
MASSIVE DAMAGE!! (PAUSE) Unknown command.
You barely miss the white ugly thing. Your bite misses the white ugly thing.
The white ugly thing tentacle-slaps you but does no damage.
You barely miss the white ugly thing. The white ugly thing misses you.
You hit the white ugly thing.
The white ugly thing closely misses you.
You sock the white ugly thing! Your punch misses the white ugly thing.
The white ugly thing closely misses you.
The white ugly thing tentacle-slaps you but does no damage. 😮 HP[+1]
You hit the white ugly thing.
You bite the white ugly thing, but do no damage.
The white ugly thing tentacle-slaps you but does no damage.
You hit the white ugly thing. The white ugly thing barely misses you.
You barely miss the white ugly thing. Your bite misses the white ugly thing.
The white ugly thing tentacle-slaps you but does no damage.
You closely miss the white ugly thing.
The white ugly thing tentacle-slaps you but does no damage. 😮 HP[+1]
You hit the white ugly thing.
You bite the white ugly thing, but do no damage.
The white ugly thing tentacle-slaps you!
* * * LOW HITPOINT WARNING * * *
The white ugly thing freezes you!!
You feel a terrible chill!
* * * LOW HITPOINT WARNING * * *
😱 HP[-37]
You take 37 damage, and now have 3/69 hp.
MASSIVE DAMAGE!! (PAUSE)
You sock the white ugly thing! Your bite misses the white ugly thing.
The white ugly thing completely misses you.
Okay, then.
You feel much better.
The white ugly thing tentacle-slaps you but does no damage. 😨 HP[+23]
You regained 23 hp, and now have 26/69 hp.
Aiming: Bolt of Light
Press: ? - help, Shift-Dir - straight line, f - white ugly thing
Aim: a white ugly thing (heavily wounded, umbra, 74% to hit)
The bolt of light misses the white ugly thing.
The white ugly thing tentacle-slaps you but does no damage.
Aiming: Bolt of Light
Press: ? - help, Shift-Dir - straight line, f/p - white ugly thing
Aim: a white ugly thing (heavily wounded, umbra, 74% to hit)
The bolt of light hits the white ugly thing!
The white ugly thing is blinded.
The white ugly thing tentacle-slaps you.
* * * LOW HITPOINT WARNING * * *
The white ugly thing freezes you!!!
You feel a terrible chill!
Ouch! That really hurt!
You die...

Skill      XL: |  1  2  3  4  5  6  7  8  9 |
---------------+----------------------------+-----
Invocations    | 1 2 3 4 5 |  5.4
Axes           | 1 2 3 4 5 |  5.0
Maces & Flails | 1 2 3 4 5 |  5.0
Polearms       | 1 2 3 4 5 |  5.0
Staves         | 1 2 3 4 5 |  5.0
Ranged Weapons | 1 2 3 4 5 |  5.0
Throwing       | 1 2 3 4 5 |  5.0
Armour         | 1 2 3 4 5 |  5.0
Shields        | 1 2 3 4 5 |  5.0
Unarmed Combat | 1 2 3 4 5 |  5.0
Spellcasting   | 1 2 3 4 5 |  5.0
Conjurations   | 1 2 3 4 |  4.1
Hexes          | 1 2 3 4 |  4.1
Summonings     | 1 2 3 4 |  4.1
Necromancy     | 1 2 3 4 |  4.1
Translocations | 1 2 3 4 |  4.1
Transmutations | 1 2 3 4 |  4.1
Fire Magic     | 1 2 3 4 |  4.1
Ice Magic      | 1 2 3 4 |  4.1
Air Magic      | 1 2 3 4 |  4.1
Earth Magic    | 1 2 3 4 |  4.1
Poison Magic   | 1 2 3 4 |  4.1
Fighting       | 3 4 5 |  5.6
Dodging        | 3 4 5 7 |  7.0
Evocations     | 3 4 5 |  5.6
Short Blades   | 5 6 |  6.8
Long Blades    | 7 8 |  8.3
Stealth        | 5 6 |  6.5

Action                   |  1- 3 |  4- 6 |  7- 9 || total
-------------------------+-------+-------+-------++-------
Melee: Falchion          |   114 |   210 |       ||   324
       Bite              |    10 |    14 |    17 ||    41
       Punch             |     1 |     2 |     3 ||     6
       Mace              |       |    24 |   133 ||   157
Throw: Dart              |       |       |    37 ||    37
       Stone             |       |       |     8 ||     8
Evoke: Wand              |       |       |     3 ||     3
  Use: Potion            |     5 |     1 |     6 ||    12
       Scroll            |       |       |     6 ||     6
 Stab: Sleeping          |     7 |       |       ||     7
Armor: Leather armour    |    53 |       |       ||    53
       Chain mail        |       |   170 |    87 ||   257
Dodge: Dodged            |    97 |    93 |   122 ||   312

Levels and vault maps discovered:
D:1:      psy_arrival_radial02, layout_basic, minmay_misc_feat_secret_circle
D:2:      minmay_skewed_foursquare, layout_basic,
          shapermc_ecumenical_altar_acropolis, corexii_corridor_pit,
          uniq_terence
D:3:      layout_loops_ring, gup_sewer_entry_bubbles
D:4:      layout_rooms, nzn_hepliaklqana_mist_gate,
          mainiacjoe_overflow_surrounded_room, minmay_manual_mares,
          uniq_eustachio, uniq_sigmund, uniq_duvessa
D:7:      minmay_the_grid_octo_2x2 [minmay_the_grid_octo_pinwheel,
          minmay_the_grid_octo_vomiting_pacman, minmay_the_grid_octo_77,
          minmay_the_grid_octo_prize_ultimate_mussel_roller], layout_basic,
          old_standard_altar, nicolae_gozag_seed_capital, uniq_maggie

Notes
Turn   | Place    | Note
-------+----------+-------------------------------------------
     0 | D:1      | spaghetti the Gnoll Wanderer began the quest for the Orb.
     0 | D:1      | spaghetti set off with the following items: a +2 falchion
                  | {long}, a +0 short sword {short}, a +0 helmet, a potion of
                  | attraction {!q}, a +0 leather armour.
     0 | D:1      | Reached XP level 1. HP: 17/17 MP: 1/1
     0 | D:1      | magus.rc [v1.9.6]
   222 | D:1      | Reached XP level 2. HP: 19/23 MP: 2/2
   234 | D:1      | You pick up a book of the Moon and begin reading...
   234 | D:1      | You add the spells Passage of Golubria, Silence and
                  | Lehudib's Crystal Spear to your library.
  1019 | D:1      | Reached XP level 3. HP: 28/28 MP: 3/3
  1194 | D:2      | Reached skill level 1 in Invocations
  1221 | D:2      | Reached skill level 1 in Axes
  1221 | D:2      | Reached skill level 1 in Maces & Flails
  1221 | D:2      | Reached skill level 1 in Polearms
  1221 | D:2      | Reached skill level 1 in Staves
  1221 | D:2      | Reached skill level 1 in Ranged Weapons
  1221 | D:2      | Reached skill level 1 in Throwing
  1221 | D:2      | Reached skill level 1 in Armour
  1221 | D:2      | Reached skill level 1 in Shields
  1221 | D:2      | Reached skill level 1 in Unarmed Combat
  1221 | D:2      | Reached skill level 1 in Spellcasting
  1356 | D:2      | Noticed Terence
  1379 | D:2      | HP: 3/28 [Terence/+0 short sword (6)]
  1387 | D:2      | Killed Terence
  1388 | D:2      | Reached XP level 4. HP: 28/34 MP: 5/5
  1494 | D:2      | Reached skill level 1 in Conjurations
  1494 | D:2      | Reached skill level 1 in Hexes
  1494 | D:2      | Reached skill level 1 in Summonings
  1494 | D:2      | Reached skill level 1 in Necromancy
  1494 | D:2      | Reached skill level 1 in Translocations
  1494 | D:2      | Reached skill level 1 in Transmutations
  1494 | D:2      | Reached skill level 1 in Fire Magic
  1494 | D:2      | Reached skill level 1 in Ice Magic
  1494 | D:2      | Reached skill level 1 in Air Magic
  1494 | D:2      | Reached skill level 1 in Earth Magic
  1494 | D:2      | Reached skill level 1 in Poison Magic
  1783 | D:2      | Found a faded altar of an unknown god.
  1901 | D:2      | Prayed at the altar of an unknown god.
  1901 | D:2      | Became a worshipper of Dithmenos the Shadowed
  1901 | D:2      | Reached * piety under Dithmenos
  2631 | D:3      | Reached XP level 5. HP: 40/40 MP: 7/7
  2767 | D:3      | Found a glowing drain.
  2793 | D:3      | Reached skill level 3 in Fighting
  2793 | D:3      | Reached skill level 3 in Dodging
  2793 | D:3      | Reached skill level 3 in Evocations
  2797 | Sewer    | Entered a sewer
  2897 | Sewer    | Noticed a kobold brigand
  2919 | Sewer    | Killed a kobold brigand
  2922 | Sewer    | Reached skill level 2 in Invocations
  2922 | Sewer    | HP: 10/41 [kobold/+0 short sword (2)]
  2923 | Sewer    | Reached ** piety under Dithmenos
  3625 | D:3      | Reached XP level 6. HP: 36/47 MP: 8/8
  4067 | D:3      | Identified the +10 mace "Qiul Dodgh" {vorpal, rC- Str+5
                  | Dex+3}
  4169 | D:4      | Reached skill level 5 in Short Blades
  4169 | D:4      | Reached skill level 2 in Axes
  4169 | D:4      | Reached skill level 2 in Maces & Flails
  4169 | D:4      | Reached skill level 2 in Polearms
  4169 | D:4      | Reached skill level 2 in Staves
  4169 | D:4      | Reached skill level 2 in Ranged Weapons
  4169 | D:4      | Reached skill level 2 in Throwing
  4169 | D:4      | Reached skill level 2 in Armour
  4169 | D:4      | Reached skill level 2 in Shields
  4169 | D:4      | Reached skill level 2 in Unarmed Combat
  4169 | D:4      | Reached skill level 2 in Spellcasting
  4380 | D:4      | Noticed Eustachio
  4395 | D:4      | Killed Eustachio
  4396 | D:4      | Reached skill level 7 in Long Blades
  4396 | D:4      | Reached XP level 7. HP: 52/52 MP: 10/10
  4397 | D:4      | Reached skill level 2 in Conjurations
  4397 | D:4      | Reached skill level 2 in Hexes
  4397 | D:4      | Reached skill level 2 in Summonings
  4397 | D:4      | Reached skill level 2 in Necromancy
  4397 | D:4      | Reached skill level 2 in Translocations
  4397 | D:4      | Reached skill level 2 in Transmutations
  4397 | D:4      | Reached skill level 2 in Fire Magic
  4397 | D:4      | Reached skill level 2 in Ice Magic
  4397 | D:4      | Reached skill level 2 in Air Magic
  4397 | D:4      | Reached skill level 2 in Earth Magic
  4397 | D:4      | Reached skill level 2 in Poison Magic
  4404 | D:4      | Reached skill level 5 in Stealth
  4407 | D:4      | Reached skill level 3 in Invocations
  4412 | D:4      | Noticed Sigmund
  4416 | D:4      | Killed Sigmund
  4417 | D:4      | Reached skill level 4 in Fighting
  4417 | D:4      | Reached skill level 4 in Dodging
  4417 | D:4      | Reached skill level 4 in Evocations
  4433 | D:4      | Reached *** piety under Dithmenos
  4434 | D:4      | Reached skill level 3 in Axes
  4434 | D:4      | Reached skill level 3 in Maces & Flails
  4434 | D:4      | Reached skill level 3 in Polearms
  4434 | D:4      | Reached skill level 3 in Staves
  4434 | D:4      | Reached skill level 3 in Ranged Weapons
  4434 | D:4      | Reached skill level 3 in Throwing
  4434 | D:4      | Reached skill level 3 in Armour
  4434 | D:4      | Reached skill level 3 in Shields
  4434 | D:4      | Reached skill level 3 in Unarmed Combat
  4434 | D:4      | Reached skill level 3 in Spellcasting
  4434 | D:4      | Reached XP level 8. HP: 34/60 MP: 12/12
  4770 | D:4      | Found a snail-covered altar of Cheibriados.
  4831 | D:4      | You pick up a book of Necromancy and begin reading...
  4831 | D:4      | You add the spells Necrotise, Vampiric Draining and Agony
                  | to your library.
  4862 | D:4      | Noticed Duvessa
  4864 | D:4      | You add the spells Dazzling Flash and Chain Lightning to
                  | your library.
  4864 | D:4      | Got Goanida's Codex of Conjuration and Maleficent Magic
                  | {@e2}
  4865 | D:4      | Noticed Dowan
  4878 | D:4      | Killed Duvessa
  4885 | D:4      | HP: 15/60 [Dowan/shard of ice (13)]
  4887 | D:4      | Killed Dowan
  5131 | D:4      | Found a hazy altar of Hepliaklqana.
  5223 | D:4      | You fall into a shaft and drop 3 floors!
  5285 | D:7      | Noticed a deep elf pyromancer
  5286 | D:7      | Noticed a komodo dragon
  5286 | D:7      | Noticed a cyclops
  5286 | D:7      | Noticed a gargoyle
  5289 | D:7      | Noticed a white ugly thing
  5298 | D:7      | Killed a deep elf pyromancer
  5299 | D:7      | Reached skill level 6 in Short Blades
  5299 | D:7      | Reached skill level 5 in Dodging
  5299 | D:7      | Reached skill level 3 in Conjurations
  5299 | D:7      | Reached skill level 3 in Hexes
  5299 | D:7      | Reached skill level 3 in Summonings
  5299 | D:7      | Reached skill level 3 in Necromancy
  5299 | D:7      | Reached skill level 3 in Translocations
  5299 | D:7      | Reached skill level 3 in Transmutations
  5299 | D:7      | Reached skill level 3 in Fire Magic
  5299 | D:7      | Reached skill level 3 in Ice Magic
  5299 | D:7      | Reached skill level 3 in Air Magic
  5299 | D:7      | Reached skill level 3 in Earth Magic
  5299 | D:7      | Reached skill level 3 in Poison Magic
  5299 | D:7      | Reached skill level 4 in Invocations
  5303 | D:7      | Killed a cyclops
  5304 | D:7      | Reached skill level 5 in Fighting
  5304 | D:7      | Reached skill level 4 in Axes
  5304 | D:7      | Reached skill level 4 in Maces & Flails
  5304 | D:7      | Reached skill level 4 in Polearms
  5304 | D:7      | Reached skill level 4 in Staves
  5304 | D:7      | Reached skill level 4 in Ranged Weapons
  5304 | D:7      | Reached skill level 4 in Throwing
  5304 | D:7      | Reached skill level 4 in Armour
  5304 | D:7      | Reached skill level 6 in Stealth
  5304 | D:7      | Reached skill level 4 in Shields
  5304 | D:7      | Reached skill level 4 in Unarmed Combat
  5304 | D:7      | Reached skill level 4 in Spellcasting
  5304 | D:7      | Reached skill level 5 in Evocations
  5304 | D:7      | Reached XP level 9. HP: 63/68 MP: 13/15
  5310 | D:7      | Killed a komodo dragon
  5311 | D:7      | Reached skill level 6 in Dodging
  5567 | D:7      | Reached skill level 8 in Long Blades
  5578 | D:7      | Found a white marble altar of Elyvilon.
  5638 | D:7      | Killed a gargoyle
  5639 | D:7      | Reached skill level 5 in Invocations
  5942 | D:7      | Noticed a troll
  5955 | D:7      | Killed a troll
  5956 | D:7      | Reached skill level 4 in Conjurations
  5956 | D:7      | Reached skill level 4 in Hexes
  5956 | D:7      | Reached skill level 4 in Summonings
  5956 | D:7      | Reached skill level 4 in Necromancy
  5956 | D:7      | Reached skill level 4 in Translocations
  5956 | D:7      | Reached skill level 4 in Transmutations
  5956 | D:7      | Reached skill level 4 in Fire Magic
  5956 | D:7      | Reached skill level 4 in Ice Magic
  5956 | D:7      | Reached skill level 4 in Air Magic
  5956 | D:7      | Reached skill level 4 in Earth Magic
  5956 | D:7      | Reached skill level 4 in Poison Magic
  6098 | D:7      | Noticed a troll
  6105 | D:7      | Killed a troll
  6109 | D:7      | Reached skill level 5 in Axes
  6109 | D:7      | Reached skill level 5 in Maces & Flails
  6109 | D:7      | Reached skill level 5 in Polearms
  6109 | D:7      | Reached skill level 5 in Staves
  6109 | D:7      | Reached skill level 5 in Ranged Weapons
  6109 | D:7      | Reached skill level 5 in Throwing
  6109 | D:7      | Reached skill level 5 in Armour
  6109 | D:7      | Reached skill level 7 in Dodging
  6109 | D:7      | Reached skill level 5 in Shields
  6109 | D:7      | Reached skill level 5 in Unarmed Combat
  6109 | D:7      | Reached skill level 5 in Spellcasting
  6182 | D:7      | Identified the +6 rapier of Grace {speed, rN+ Str+5 Int+3
                  | Dex-3}
  6190 | D:7      | You pick up a book of Fire and begin reading...
  6190 | D:7      | You add the spells Fireball, Starburst and Ignition to your
                  | library.
  6192 | D:7      | You pick up a book of Armaments and begin reading...
  6192 | D:7      | You add the spells Stone Arrow and Animate Armour to your
                  | library.
  6193 | D:7      | Identified the amulet "Piamul" {Acrobat rC- rN+ rCorr}
  6195 | D:7      | Identified the +7 great sword of Mourning {vorpal, +Blink
                  | rF+++ Int-2 Dex+2}
  6232 | D:7      | HP: 3/69 [white ugly thing (28)]
  6236 | D:7      | Annihilated by a white ugly thing

Vanquished Creatures
  A deep elf pyromancer (D:7)
  A cyclops (D:7)
  A gargoyle (D:7)
  A komodo dragon (D:7)
  2 trolls (D:7)
  Sigmund (D:4)
  Eustachio (D:4)
  Duvessa (D:4)
  A sky beast (D:4)
  A black bear (D:7)
  2 centaurs (D:4)
  2 bullfrogs (D:7)
  2 kobold brigands
  A scorpion (D:4)
  Dowan (D:4)
  A hound (D:4)
  2 jellies (D:4)
  Terence (D:2)
  3 orc wizards (D:4)
  3 gnolls (D:4)
  6 adders
  An ufetubus (D:7)
  5 worms
  2 dart slugs
  9 orcs
  8 bats
  8 endoplasms
  7 giant cockroaches
  7 hobgoblins
  3 jackals (D:3)
  4 quokkas
  7 ball pythons
  3 frilled lizards
  8 goblins
  23 kobolds
  11 rats
141 creatures vanquished.

Vanquished Creatures (others)
  A hobgoblin (D:4)
1 creature vanquished.

Grand Total: 142 creatures vanquished

Table legend:
 A = Non-vault XP
 B = Vault XP
 C = Vault XP percentage of total XP
 D = Non-vault monster count
 E = Vault monster count
 F = Vault count percentage of total count
                 A         B        C        D         E       F
            +---------+---------+-------+---------+---------+-------
      Total |     896 |    3751 |  80.7 |      90 |      51 |  36.2
            +---------+---------+-------+---------+---------+-------
        D:1 |      35 |       0 |   0.0 |      22 |       0 |   0.0
        D:2 |      50 |      61 |  55.0 |      16 |       8 |  33.3
        D:3 |      53 |      33 |  38.4 |      16 |       8 |  33.3
        D:4 |     520 |     861 |  62.3 |      26 |       6 |  18.8
        D:7 |     238 |    2680 |  91.8 |      10 |       9 |  47.4
      Sewer |       0 |     116 | 100.0 |       0 |      20 | 100.0
            +---------+---------+-------+---------+---------+-------

Illustrated notes

Table legend:
 A = Kills in this place as a percentage of kills in entire the game.
 B = Kills by you in this place as a percentage of kills by you in the entire game.
 C = Kills by friends in this place as a percentage of kills by friends in the entire game.
 D = Other kills in this place as a percentage of other kills in the entire game.
 E = Experience gained in this place as a percentage of experience gained in the entire game.
 F = Experience gained in this place divided by the number of levels of this place that you have seen.
                   A       B       C       D       E      F
               +-------+-------+-------+-------+-------+----------------------
         Total | 100.0 | 100.0 |   N/A |   N/A | 100.0 | 774.5
       Dungeon |  85.8 |  85.8 |   N/A |   N/A |  97.5 | 906.2
         Sewer |  14.2 |  14.2 |   N/A |   N/A |   2.5 | 116.0
               +-------+-------+-------+-------+-------+----------------------

Table legend: (Time is in decaauts)
 A = Elapsed time spent in this place.
 B = Non-inter-level travel time spent in this place.
 C = Inter-level travel time spent in this place.
 D = Time resting spent in this place.
 E = Time spent auto-exploring this place.
 F = Levels seen in this place.
 G = Mean time per level.
                   A        B        C        D        E       F      G
               +--------+--------+--------+--------+--------+-----+--------+
         Total |   6255 |   6109 |    146 |    338 |   4719 |   6 | 1042.5 |
       Dungeon |   5508 |   5362 |    146 |    338 |   4104 |   5 | 1101.6 |
         Sewer |    746 |    746 |      0 |      0 |    615 |   1 |  746.0 |
               +--------+--------+--------+--------+--------+-----+--------+

Top non-repeatable levels by time:
     D:3: 1182 daAuts
     D:2: 1135 daAuts
     D:4: 1099 daAuts
     D:1: 1091 daAuts
     D:7: 998 daAuts
   Sewer: 746 daAuts
